 Dungeon Sprint DCSS version 0.18.1-48-g4cf74bf (webtiles) character file.

14303 Joat the Severer (level 11, -11/174 HPs)
             Began as a Minotaur Fighter on Aug 26, 2016.
             Was the Champion of Makhleb.
             Killed from afar by a white draconian monk (33 damage)
             ... with a chilling blast
             ... in the Dungeon (Sprint V: "Ziggurat Sprint").
             The game lasted 00:13:38 (726 turns).

Joat the Severer (Minotaur Fighter)                  Turns: 726, Time: 00:13:38

Health: -11/174    AC: 32    Str: 29    XL:     11   Next: 86%
Magic:  14/14      EV: 10    Int: 11    God:    Makhleb [******]
Gold:   0          SH: 33    Dex: 19    Spells: 0 memorised, 10 levels left

rFire  . . .     SeeInvis +     B - +14 obsidian axe {chop, +Fly Str+3 SInv *Curse} (curse)
rCold  . . .     Gourm    .     C - +15 Maxwell's patent armour {-Cast -Tele rElec MR+ rCorr}
rNeg   + . .     Faith    .     D - +18 shield of the gong {rElec rN+ MR+ EV-5}
rPois  +         Spirit   .     (helmet restricted)
rElec  +         Dismiss  .     (no cloak)
rCorr  +         Reflect  .     (no gloves)
SustAt .         Harm     .     (no boots)
MR     ++...     NoTele   +     (no amulet)
Stlth  .......... NoCast   +    T - ring of Duimn {rPois Int+3 Dex+3}
                                E - +6 ring of dexterity

@: mighty, berserking, mesmerised, very quick, very resistant to hostile
enchantments, extremely unstealthy
A: retaliatory headbutt, horns 2
a: Minor Destruction, Lesser Servant of Makhleb, Major Destruction, Greater
Servant of Makhleb, Renounce Religion, Evoke Flight


You were in the Dungeon.
You worshipped Makhleb.
Makhleb was exalted by your worship.
You were not hungry.

You visited 1 branch

Inventory:

Hand Weapons
 A - the +6 Majin-Bo {vamp, Archmagi MP+6 Int+6}
   (You found it in the Dungeon)

   It inflicts no extra harm, but heals its wielder somewhat when it strikes a
   living foe.
   It affects your intelligence (+6).
   It affects your magic capacity (+6).
 B - the cursed +14 obsidian axe (weapon) {chop, +Fly Str+3 SInv *Curse}
   (You found it in the Dungeon)

   It inflicts extra damage upon your enemies.
   It affects your strength (+3).
   It lets you see invisible.
   It lets you fly.
   It may re-curse itself when equipped.
   It has a curse placed upon it.
Armour
 l - the +4 ring mail of the Lost Path {+Blink Regen+ SInv}
   (You found it in the Dungeon)

   It lets you see invisible.
   It lets you blink.
   It increases your rate of regeneration.
 C - the +15 Maxwell's patent armour (worn) {-Cast -Tele rElec MR+ rCorr}
   (You found it in the Dungeon)

   It insulates you from electricity.
   It affects your resistance to hostile enchantments.
   It prevents spellcasting.
   It prevents most forms of teleportation.
   It protects you from acid and corrosion.
 D - the +18 shield of the gong (worn) {rElec rN+ MR+ EV-5}
   (You found it in the Dungeon)

   It affects your evasion (-5).
   It insulates you from electricity.
   It protects you from negative energy.
   It affects your resistance to hostile enchantments.
Magical Staves
 L - an uncursed staff of energy
Jewellery
 E - a +6 ring of dexterity (left hand)
 F - a +6 ring of dexterity
 G - a +6 ring of intelligence
 H - a +6 ring of intelligence
 I - a +6 ring of strength
 J - a +6 ring of strength
 O - the macabre finger necklace {rN+}
   (You found it in the Dungeon)

   [amulet of nothing]

   It protects you from negative energy.
 R - an uncursed ring of protection from fire
 T - the ring of Duimn (right hand) {rPois Int+3 Dex+3}
   (You found it in the Dungeon)

   [ring of dexterity]

   It affects your intelligence (+3).
   It affects your dexterity (+3).
   It protects you from poison.
Wands
 w - a wand of disintegration (7/24)
 x - a wand of iceblast (5/15)
 y - a wand of lightning (5/15)
 z - a wand of acid (5/15)
Scrolls
 k - 4 scrolls of blinking
 n - 4 scrolls of amnesia
 o - 3 scrolls of recharging
 p - 7 scrolls of fog
 q - a scroll of holy word
 r - 5 scrolls of identify
 s - 5 scrolls of remove curse
 t - 2 scrolls of fear
Potions
 a - 2 potions of brilliance
 b - 2 potions of invisibility
 c - 4 potions of resistance
 d - 5 potions of might
 e - 10 potions of curing
 g - 10 potions of heal wounds
 h - 6 potions of haste
 i - 7 potions of magic
 j - a potion of berserk rage
 m - 5 potions of agility
Books
 P - a book of Summonings

   Spells                             Type                      Level
   a - Recall                         Summoning/Translocation      3
   b - Aura of Abjuration             Summoning                    5
   c - Summon Demon                   Summoning                    5
   d - Summon Forest                  Summoning/Translocation      5
   e - Summon Mana Viper              Hexes/Summoning              5
   f - Shadow Creatures               Summoning                    6
 Q - a book of Burglary

   Spells                             Type                      Level
   a - Swiftness                      Charms/Air                   2
   b - Passwall                       Transmutation/Earth          2
   c - Passage of Golubria            Translocation                4
   d - Lee's Rapid Deconstruction     Earth                        5
   e - Darkness                       Hexes                        6
   f - Invisibility                   Hexes                        6
 S - the Almanac of Companions and Poisoning
   (You found it in the Dungeon)

   Spells                             Type                      Level
   a - Summon Butterflies             Summoning                    1
   b - Olgreb's Toxic Radiance        Poison                       4
   c - Poisonous Cloud                Conjuration/Poison/Air       6
   d - Dragon's Call                  Summoning                    9
 U - a book of Minor Magic

   Spells                             Type                      Level
   a - Magic Dart                     Conjuration                  1
   b - Blink                          Translocation                2
   c - Call Imp                       Summoning                    2
   d - Repel Missiles                 Charms/Air                   2
   e - Slow                           Hexes                        2
   f - Conjure Flame                  Conjuration/Fire             3
   g - Mephitic Cloud                 Conjuration/Poison/Air       3
 V - a book of Ice

   Spells                             Type                      Level
   a - Ice Form                       Ice/Transmutation            4
   b - Metabolic Englaciation         Hexes/Ice                    5
   c - Ozocubu's Refrigeration        Ice                          6
   d - Bolt of Cold                   Conjuration/Ice              6
   e - Freezing Cloud                 Conjuration/Ice/Air          6
   f - Simulacrum                     Ice/Necromancy               6
Miscellaneous
 K - a disc of storms
 M - a crystal ball of energy
Comestibles
 f - 5 bread rations
 u - 42 fruits
 v - 4 meat rations
 N - 6 chunks of flesh


   Skills:
 + Level 16.8 Fighting
 * Level 17.0 Axes
 + Level 16.7 Armour
 + Level 9.4 Dodging
 - Level 15.4 Shields
 + Level 6.3 Invocations


You had 10 spell levels left.
You didn't know any spells.

Dungeon Overview and Level Annotations

Branches:
Dungeon (1/1)

Altars:
Ashenzari
Cheibriados
Dithmenos
Elyvilon
Fedhas
Gozag
Kikubaaqudgha
Makhleb
Nemelex Xobeh
Okawaru
Pakellas
Qazlal
Ru
Sif Muna
Trog
Vehumet
Xom
Yredelemnul
Zin
The Shining One
Beogh
Jiyva
Lugonu


Innate Abilities, Weirdness & Mutations

You reflexively headbutt those who attack you in melee.
You have a pair of horns on your head.


Message History

The purple draconian is lightly wounded.
You hit the purple draconian.
The purple draconian is moderately wounded.
You closely miss the mottled draconian knight.
The mottled draconian knight is heavily wounded.
You slice the red draconian!!
You kill the red draconian!
Makhleb accepts your kill.
Your base Axes skill increases to level 17!
Your Invocations skill increases to level 6!
Your life force feels restored.
You closely miss the white draconian monk.
The white draconian monk is moderately wounded.
Visions of slaying the mottled draconian knight flood into your mind.
You block the purple draconian's attack.
GONNNNG!
The purple draconian hits you but does no damage.
The white draconian monk breathes frost at you.
The chilling blast hits you!
You die...

▓......(..▓.......▓
▓▓▓▓▓▓▓▓▓▓▓▓▓▓▓▓▓▓▓▓▓
▓...8©8...▓...8©8...▓
▓..)})))..▓...".))..▓
▓..)==::..▓...[44)..▓
▓.........▓.........▓
▓..d..d...▓....))...▓
▓...)qd...▓...).)...▓
▓...q@d...▓.........▓
▓...d4d3..▓.........▓
▓.........▓.........▓
▓.........▓▓▓▓▓▓▓▓▓▓▓
▓▓▓▓▓▓▓▓▓▓▓


You could see a white draconian monk, a mottled draconian knight, a black
draconian, a yellow draconian, 3 draconians, a white draconian, a friendly sun
demon and a friendly ice devil.

Vanquished Creatures
  A red draconian (D)
  A white draconian (D)
  2 yellow draconians (D)
  2 dancing weapons (D)
  2 deep elf knights (D)
  3 deep elf archers (D)
  4 deep elf magi (D)
  A shining eye (D)
  A draconian (D)
  2 black mambas (D)
  A naga mage (D)
  An eye of devastation (D)
  4 polar bears (D)
  A slime creature (D)
  An air elemental (D)
  A water elemental (D)
  A fire elemental (D)
  3 nagas (D)
  5 hell hounds (D)
  A water moccasin (D)
  An earth elemental (D)
  A jelly (D)
  2 orc wizards (D)
  2 orc priests (D)
  An adder (D)
  3 oozes (D)
  An orc (D)
  A ball python (D)
  A bat skeleton (D)
  A giant cockroach zombie (D)
  A giant gecko zombie (D)
53 creatures vanquished.

Vanquished Creatures (collateral kills)
  2 dancing weapons (D)
  A deep elf mage (D)
3 creatures vanquished.

Vanquished Creatures (others)
  A spatial maelstrom (D)
1 creature vanquished.

Grand Total: 57 creatures vanquished

Notes
Turn   | Place    | Note
--------------------------------------------------------------
     0 | D        | Joat the Minotaur Fighter began the quest for the Orb.
     0 | D        | Reached XP level 1. HP: 19/19 MP: 0/0
    13 | D        | Found a roughly hewn altar of Beogh.
    13 | D        | Found a viscous altar of Jiyva.
    13 | D        | Found a corrupted altar of Lugonu.
    13 | D        | Found a white marble altar of Elyvilon.
    13 | D        | Found a sparkling altar of Nemelex Xobeh.
    13 | D        | Found a burning altar of Makhleb.
    13 | D        | Found an iron altar of Okawaru.
    13 | D        | Found a deep blue altar of Sif Muna.
    13 | D        | Found a radiant altar of Vehumet.
    13 | D        | Found a bloodstained altar of Trog.
    13 | D        | Found a shimmering altar of Xom.
    16 | D        | Banished a spatial maelstrom
    32 | D        | Became a worshipper of Makhleb the Destroyer
    86 | D        | Reached skill level 5 in Fighting
    86 | D        | Reached skill level 4 in Axes
    86 | D        | Reached skill level 5 in Armour
    86 | D        | Reached skill level 5 in Shields
    86 | D        | Reached XP level 2. HP: 30/30 MP: 1/1
    90 | D        | Entered arena 1.
    90 | D        | Noticed a hell hound
    90 | D        | Noticed a hell hound
    95 | D        | Killed a hell hound
    95 | D        | Reached skill level 6 in Axes
    95 | D        | Reached XP level 3. HP: 39/39 MP: 2/2
    95 | D        | Reached XP level 4. HP: 47/47 MP: 3/3
    99 | D        | Killed a hell hound
    99 | D        | Reached * piety under Makhleb
    99 | D        | Reached skill level 7 in Axes
    99 | D        | Reached XP level 5. HP: 55/55 MP: 4/4
   105 | D        | Got the +4 ring mail of the Lost Path {+Blink Regen+ SInv}
   130 | D        | Entered arena 2.
   130 | D        | Noticed a yellow draconian
   130 | D        | Noticed a draconian
   130 | D        | Noticed a white draconian
   138 | D        | Killed a yellow draconian
   138 | D        | Reached skill level 10 in Axes
   138 | D        | Reached XP level 6. HP: 24/68 MP: 5/5
   138 | D        | Reached XP level 7. HP: 27/74 MP: 6/6
   138 | D        | Reached XP level 8. HP: 29/82 MP: 7/7
   139 | D        | Killed a white draconian
   139 | D        | Reached ** piety under Makhleb
   139 | D        | Reached skill level 12 in Axes
   140 | D        | Killed a draconian
   140 | D        | Reached XP level 9. HP: 48/92 MP: 8/8
   364 | D        | Entered arena 3.
   364 | D        | Noticed a deep elf knight
   364 | D        | Noticed a deep elf mage
   364 | D        | Noticed a deep elf mage
   364 | D        | Noticed a short sword of speed
   366 | D        | Killed a deep elf mage
   366 | D        | Reached skill level 13 in Axes
   367 | D        | Killed a short sword of speed
   369 | D        | Killed a deep elf mage
   369 | D        | Reached *** piety under Makhleb
   373 | D        | Killed a deep elf knight
   373 | D        | Reached skill level 14 in Axes
   373 | D        | Reached XP level 10. HP: 103/103 MP: 9/9
   389 | D        | Entered arena 4.
   396 | D        | Reached skill level 1 in Dodging
   396 | D        | Reached **** piety under Makhleb
   409 | D        | Entered arena 5.
   412 | D        | Reached ***** piety under Makhleb
   433 | D        | Entered arena 6.
   440 | D        | Reached ****** piety under Makhleb
   458 | D        | Entered arena 7.
   458 | D        | Noticed a deep elf mage
   458 | D        | Noticed a flail of draining
   458 | D        | Noticed a deep elf mage
   458 | D        | Noticed a deep elf archer
   470 | D        | Killed a deep elf mage
   471 | D        | Killed a flail of draining
   471 | D        | Reached skill level 15 in Fighting
   471 | D        | Reached skill level 15 in Armour
   471 | D        | Reached skill level 5 in Dodging
   471 | D        | Reached skill level 15 in Shields
   473 | D        | Killed a deep elf archer
   473 | D        | Reached skill level 15 in Axes
   478 | D        | Killed a deep elf mage
   484 | D        | Identified the Almanac of Companions and Poisoning (You found it in the Dungeon)
   496 | D        | Entered arena 8.
   496 | D        | Noticed an eye of devastation
   496 | D        | Noticed a shining eye
   501 | D        | Killed a shining eye
   501 | D        | Reached skill level 1 in Invocations
   501 | D        | Reached XP level 11. HP: 113/113 MP: 10/10
   521 | D        | Got the ring of Duimn {rPois Int+3 Dex+3}
   532 | D        | Entered arena 9.
   532 | D        | Noticed a deep elf archer
   532 | D        | Noticed a battleaxe of electrocution
   532 | D        | Noticed a deep elf archer
   532 | D        | Noticed a trident of protection
   532 | D        | Noticed a deep elf knight
   532 | D        | Noticed a deep elf mage
   538 | D        | Killed a deep elf archer
   542 | D        | Killed a deep elf mage
   544 | D        | Killed a deep elf archer
   545 | D        | Killed a battleaxe of electrocution
   548 | D        | Killed a deep elf knight
   549 | D        | Reached skill level 16 in Axes
   550 | D        | Killed a trident of protection
   550 | D        | Reached skill level 5 in Invocations
   676 | D        | Entered arena 10.
   713 | D        | Entered arena 11.
   713 | D        | Noticed a red draconian
   713 | D        | Noticed a white draconian monk
   713 | D        | Noticed a purple draconian
   713 | D        | Noticed a yellow draconian
   713 | D        | Noticed a black draconian
   714 | D        | Noticed a mottled draconian knight
   714 | D        | Noticed a yellow draconian
   714 | D        | Noticed a purple draconian
   714 | D        | Noticed a white draconian
   714 | D        | Noticed a purple draconian
   722 | D        | Killed a yellow draconian
   726 | D        | Killed a red draconian
   726 | D        | Reached skill level 17 in Axes
   726 | D        | Killed from afar by a white draconian monk

Skill      XL: |  1  2  3  4  5  6  7  8  9 10 11 |
---------------+----------------------------------+-----
Fighting       | 5 7 8 11 12 14 15 16 | 16.8
Axes           | 4 6 7 10 12 14 15 17 | 17.0
Armour         | 5 7 8 11 12 14 15 16 | 16.7
Shields        | 5 7 8 11 12 14 15 | 15.4
Dodging        | 6 9 |  9.4
Invocations    | 1 6 |  6.3

Action                   |  1- 3 |  4- 6 |  7- 9 | 10-12 || total
-------------------------+-------+-------+-------+-------++-------
Melee: Broad axe         |     5 |     9 |     9 |    75 ||    98
       Headbutt          |       |     3 |     3 |    20 ||    26
  Use: Potion            |     1 |     1 |       |     2 ||     4
 Stab: Distracted        |       |       |       |     1 ||     1
Armor: Plate armour      |     4 |     2 |     1 |    54 ||    61
Dodge: Dodged            |       |       |       |     8 ||     8
Block: Shield            |    12 |    15 |     9 |   139 ||   175
